 Dungeon Crawl Stone Soup version 0.26-a0-812-g31a745ddcd (webtiles) character file.

Game seed: 13743858831394275374

9447 kae the Grappler (level 11, 0/118 HPs)
             Began as a Naga Transmuter on Nov 30, 2020.
             Was a High Priest of Cheibriados.
             Slain by Urug
             ... wielding a +7 eveningstar of flaming
              (6 damage)
             ... on level 10 of the Dungeon.
             The game lasted 00:10:55 (14174 turns).

kae the Grappler (Naga Transmuter)                 Turns: 14174, Time: 00:10:56

Health: 0/118      AC:  7    Str: 27    XL:     11   Next: 46%
Magic:  20/20      EV: 14    Int: 31    God:    Cheibriados [*****.]
Gold:   549        SH:  0    Dex: 22    Spells: 9/22 levels left

rFire    x . .     SeeInvis +     - Unarmed
rCold    + + +     Faith    .   (shield currently unavailable)
rNeg     . . .     Spirit   .   (armour currently unavailable)
rPois    +         Reflect  .   (helmet currently unavailable)
rElec    .         Harm     .   (cloak currently unavailable)
rCorr    .         Rampage  .   (gloves currently unavailable)
MR       +....                  (no barding)
Stlth    +++.......             m - amulet of regeneration
HPRegen  0.69/turn              x - +6 ring of intelligence
MPRegen  0.17/turn              t - ring of stealth

@: ice-form, very slow
A: large, see invisible, spit poison 1, AC +3
a: Spit Poison, End Transformation, Bend Time, Temporal Distortion, Slouch, Step
From Time, Renounce Religion


You were on level 10 of the Dungeon.
You worshipped Cheibriados.
Cheibriados was extremely pleased with you.
You were a creature of crystalline ice.
You visited 2 branches of the dungeon, and saw 11 of its levels.
You also visited: Ossuary.

You collected 549 gold pieces.

Inventory:

Hand Weapons
 o - a +2 vampiric falchion
Armour
 a - a +1 robe (melded)
Jewellery
 c - an uncursed ring of magical power
 l - an uncursed ring of fire
 m - an amulet of regeneration (around neck)
 t - a ring of stealth (right front paw)
 x - a +6 ring of intelligence (left front paw)
 y - an uncursed ring of protection from fire
 D - a cursed ring of attention {unknown}
 E - an uncursed ring of fire
 F - an uncursed ring of protection from magic {unknown}
Wands
 p - a wand of acid (8)
 v - a wand of polymorph (5)
 H - a wand of iceblast (10)
 I - a wand of disintegration (9)
Scrolls
 b - 5 scrolls of teleportation
 e - 5 scrolls of amnesia
 i - a scroll of immolation
 n - 8 scrolls of remove curse
 q - 2 scrolls of enchant armour
 r - 2 scrolls of enchant weapon
 A - 4 scrolls of identify
 B - 3 scrolls of blinking
Potions
 d - 5 potions of curing
 f - 8 potions of flight
 g - 2 potions of magic
 h - 5 potions of brilliance
 j - 2 potions of degeneration
 k - 2 potions of invisibility
 s - 2 potions of haste
 u - a potion of resistance
 w - 2 potions of heal wounds
 z - 3 potions of might
 C - 2 potions of lignification
 G - 2 potions of ambrosia


   Skills:
 + Level 6.7 Fighting
 + Level 5.8 Dodging
 * Level 10.1 Unarmed Combat
 - Level 6.0 Spellcasting
 * Level 9.8 Transmutations


You had 9 spell levels left.
You knew the following spells:

 Your Spells              Type           Power        Failure   Level
a - Beastly Appendage     Tmut           ######       1%          1
b - Spider Form           Tmut/Pois      #####.....   1%          3
c - Ice Form              Ice/Tmut       #####...     7%          4
d - Blade Hands           Tmut           ######....   2%          5

Your spell library contained the following spells:

 Spells                   Type           Power        Failure   Level
 Wereblood                Tmut           ######..     1%          2
 Magic Dart               Conj           #...         4%          1
 Petrify                  Tmut/Erth      #####...     7%          4
 Blink                    Tloc           N/A          8%          2
 Call Imp                 Summ           #.......     8%          2
 Slow                     Hex            #.......     8%          2
 Confusing Touch          Hex            #.......     14%         3
 Conjure Flame            Conj/Fire      #.......     14%         3
 Gell's Gravitas          Tloc           #.........   14%         3
 Mephitic Cloud           Conj/Pois/Air  #.......     14%         3
 Portal Projectile        Hex/Tloc       #.....       14%         3
 Yara's Violent Unravell  Hex/Tmut       #####.....   19%         5
 Metabolic Englaciation   Hex/Ice        #.........   80%         5
 Silence                  Hex/Air        #.........   80%         5
 Summon Forest            Summ/Tloc      #.........   80%         5


Dungeon Overview and Level Annotations

Branches:
Dungeon (10/15)            Temple (1/1) D:7            Lair (0/6) D:10
Ossuary (visited)
    Orc: D:9-12

Altars:
Ashenzari
Cheibriados
Dithmenos
Elyvilon
Fedhas
Gozag
Hepliaklqana
Kikubaaqudgha
Makhleb
Nemelex Xobeh
Okawaru
Qazlal
Ru
Sif Muna
Trog
Uskayaw
Vehumet
Wu Jian
Xom
Yredelemnul
Zin
The Shining One

Shops:
D:8 (

Annotations:
D:6 1 runed translucent door, Lanoc's ghost, novice OpNe
D:10 Urug


Innate Abilities, Weirdness & Mutations

You cannot wear boots.
((Your serpentine skin is tough. (AC +3)))
You have supernaturally acute eyesight. (SInv)
((Armour fits poorly on your strangely shaped body.))
((Your system is resistant to poisons. (rPois)))
((You cover ground very slowly.))
You can spit poison.


Message History

Urug hits you with a +7 eveningstar of flaming!!
Urug melts you!!
You see here 2 silver javelins.
You punch Urug! You freeze Urug.
Urug is moderately wounded.
Urug hits you with a +7 eveningstar of flaming!!
* * * LOW HITPOINT WARNING * * *
Urug melts you!
* * * LOW HITPOINT WARNING * * *
You hit Urug but do no damage.
Urug is lightly wounded.
You pummel Urug!! You freeze Urug.
Urug is heavily wounded.
Urug completely misses you.
You punch Urug! You freeze Urug.
Urug is almost dead.
Urug hits you with a +7 eveningstar of flaming!
* * * LOW HITPOINT WARNING * * *
Urug melts you.
You die...

#..≈.≈..≈≈≈≈≈≈≈≈≈..≈
#.# #
#......≈..≈≈≈≈≈≈≈...
#.# #
...........≈≈≈≈≈≈≈.
#.# # ##..########
#.# # ##.# # #.# #
#.# .......# #
###.####
######...####..###
.......#
#.o)†).....(......
.......#
#Y####...##.#..###
.......##### #.# ## #
# ...........# #.# #
....>..###.# ##.## #
...### .......#
#.####...#... .......
.......#
#.............
o...### ......##
#..##.........
>...##. ####..#
#.....###....# ..
#.#..
##..#####.##.###.#..#
#.##.#..


You could see Urug.

Vanquished Creatures
  Harold (D:8)
  An unseen horror (D:10)
  An ugly thing (D:10)
  Joseph (D:9)
  Maurice (D:9)
  Psyche (D:8)
  2 trolls (D:10)
  Prince Ribbit (D:6)
  2 slime creatures (D:6)
  A wraith (D:8)
  A water moccasin (D:8)
  Duvessa (D:7)
  2 sky beasts
  4 phantoms
  2 orc warriors
  4 necrophages (D:8)
  3 centaurs
  An eye of draining (D:8)
  A wolf (D:10)
  5 ogres
  5 big kobolds
  5 bullfrogs
  A wyvern zombie (Ossuary)
  A water moccasin zombie (D:9)
  Dowan (D:7)
  7 wights (D:8)
  An electric eel (D:10)
  3 centaur zombies
  2 howler monkeys
  A quasit (D:10)
  6 bullfrog zombies (Ossuary)
  15 hounds
  3 jellies (D:6)
  6 orc priests
  A centaur skeleton (D:4)
  5 human zombies (D:8)
  10 orc wizards
  4 iguanas
  A human skeleton (D:8)
  6 worker ants
  6 hound zombies
  2 hound skeletons (D:5)
  11 mummies
  3 worker ant zombies
  A howler monkey zombie (Ossuary)
  Robin (D:3)
  11 adders
  6 gnolls
  2 shadow imps
  2 white imps
  2 ufetubi
  7 oozes
  3 adder zombies (Ossuary)
  An adder skeleton (D:9)
  A dart slug (D:2)
  12 leopard geckos
  43 orcs
  5 giant cockroaches
  12 goblins
  9 hobgoblins
  18 jackals
  25 kobolds
  2 quokkas
  4 ball pythons
  9 bats
  3 frilled lizards
  A jackal skeleton (D:4)
  5 leopard gecko zombies (Ossuary)
  3 quokka zombies
  6 rats
336 creatures vanquished.

Vanquished Creatures (others)
  5 fungi (D:6)
  10 toadstools (D:6)
  2 withered plants (Ossuary)
17 creatures vanquished.

Grand Total: 353 creatures vanquished

Notes
Turn   | Place    | Note
-------+----------+-------------------------------------------
     0 | D:1      | kae the Naga Transmuter began the quest for the Orb.
     0 | D:1      | Reached XP level 1. HP: 18/18 MP: 3/3
     6 | D:1      | Noticed an anaconda
     6 | D:1      | Noticed a swamp drake
     7 | D:1      | Noticed a black bear
   425 | D:1      | Reached XP level 2. HP: 10/25 MP: 3/5
  1705 | D:2      | Reached XP level 3. HP: 31/31 MP: 6/6
  1710 | D:2      | Learned a level 3 spell: Spider Form
  3133 | D:3      | Reached XP level 4. HP: 9/38 MP: 7/7
  3880 | D:3      | Noticed Robin
  3914 | D:3      | Killed Robin
  4333 | D:3      | Reached XP level 5. HP: 24/45 MP: 8/8
  4595 | D:3      | Reached skill level 4 in Unarmed Combat
  5232 | D:4      | Noticed an ogre
  5243 | D:4      | Killed an ogre
  5243 | D:4      | Reached XP level 6. HP: 54/54 MP: 7/10
  5472 | D:4      | Reached XP level 7. HP: 57/61 MP: 7/11
  5494 | D:4      | Reached skill level 5 in Unarmed Combat
  6591 | D:5      | Entered Level 5 of the Dungeon
  7444 | D:5      | Reached XP level 8. HP: 69/69 MP: 10/13
  7668 | D:6      | Learned a level 4 spell: Ice Form
  7674 | D:6      | Learned a level 5 spell: Blade Hands
  7754 | D:6      | Reached skill level 5 in Transmutations
  7778 | D:6      | Noticed Prince Ribbit
  7790 | D:6      | Killed Prince Ribbit
  7790 | D:6      | Reached skill level 6 in Unarmed Combat
  8196 | D:6      | Noticed a slime creature
  8196 | D:6      | Noticed a slime creature
  8225 | D:6      | Killed a slime creature
  8225 | D:6      | Reached XP level 9. HP: 48/78 MP: 13/15
  8517 | D:6      | Reached skill level 7 in Unarmed Combat
  8803 | D:6      | Found a hide-covered altar of Uskayaw.
  8832 | D:6      | Found a runed translucent door.
  8834 | D:6      | Noticed Lanoc's ghost (novice OpNe)
 10021 | D:7      | Found a glowing silver altar of Zin.
 10023 | D:7      | Noticed Duvessa
 10023 | D:7      | Noticed Dowan
 10039 | D:7      | Killed Duvessa
 10043 | D:7      | Killed Dowan
 10126 | D:7      | Found a staircase to the Ecumenical Temple.
 10202 | D:7      | Found a broken altar of Ashenzari.
 10203 | D:7      | Found an iron altar of Okawaru.
 10409 | Temple   | Entered the Ecumenical Temple
 10631 | Temple   | Became a worshipper of Cheibriados the Contemplative
 10699 | D:8      | Found a shimmering blue altar of Sif Muna.
 10705 | D:8      | Reached skill level 5 in Fighting
 10709 | D:8      | Reached skill level 5 in Spellcasting
 10745 | D:8      | Reached skill level 8 in Unarmed Combat
 10762 | D:8      | Found a sand-covered staircase.
 10773 | Ossuary  | Entered an ossuary
 10824 | Ossuary  | Reached XP level 10. HP: 88/88 MP: 14/17
 10899 | Ossuary  | Reached * piety under Cheibriados
 11314 | D:8      | Reached ** piety under Cheibriados
 11613 | D:8      | Found Litoymub's Antique Weapon Shoppe.
 11624 | D:8      | Noticed Psyche
 11630 | D:8      | Killed Psyche
 11793 | D:8      | Reached skill level 5 in Dodging
 11795 | D:8      | Reached *** piety under Cheibriados
 11813 | D:8      | Identified the Incunabulum of Ensnaring Illusion
 12206 | D:8      | Noticed Harold
 12272 | D:8      | Found an ancient bone altar of Kikubaaqudgha.
 12356 | D:8      | Reached skill level 9 in Unarmed Combat
 12556 | D:8      | Killed Harold
 12694 | D:8      | Reached XP level 11. HP: 89/97 MP: 16/19
 12818 | D:9      | Noticed Maurice
 12826 | D:9      | Killed Maurice
 12863 | D:9      | Reached **** piety under Cheibriados
 12890 | D:9      | Noticed Joseph
 12898 | D:9      | Killed Joseph
 13560 | D:10     | Entered Level 10 of the Dungeon
 13662 | D:10     | Noticed a cyan ugly thing
 13671 | D:10     | Killed a cyan ugly thing
 13793 | D:10     | Reached skill level 10 in Unarmed Combat
 13886 | D:10     | Found a staircase to the Lair.
 13956 | D:10     | Found a sacrificial altar of Ru.
 14030 | D:10     | Noticed Urug
 14108 | D:10     | Noticed an unseen horror
 14123 | D:10     | Killed an unseen horror
 14162 | D:10     | Reached ***** piety under Cheibriados
 14174 | D:10     | Slain by Urug

Illustrated notes

Levels and vault maps discovered:
D:1:      onia_arrival_zoo_common, layout_loops_ring, minmay_misc_feat_ornament,
          chequers_serial_rivers_small_b, grunt_decor_one_mirror,
          minmay_liquid_box, minmay_tiny_reverse_x
D:2:      layout_basic, minmay_misc_feat_plants
D:3:      layout_basic, uniq_robin
D:4:      layout_layer_cave, minmay_joined_circles
D:5:      layout_basic
D:6:      cheibrodos_fertilizer, layout_loops_cross,
          ebering_ghost_reflecting_pool, basic_altar, uniq_prince_ribbit1
D:7:      layout_rooms, zin_academy, gammafunk_temple_overflow_pools,
          minmay_temple_entry_offerings, minmay_holes, uniq_duvessa
D:8:      layout_loops_ring, lemuel_mausoleum_altar_kikubaaqudgha, serial_shops,
          kennysheep_mini_moat, basic_altar, enter_bailey_2,
          gup_ossuary_entry_pyramid, uniq_harold, uniq_psyche
D:9:      layout_loops_ring, uniq_joseph, uniq_maurice
D:10:     layout_loops_ring, erik_lair_island, basic_altar,
          fedhas_altar_fruit_tree, uniq_maggie, uniq_urug
Temple:   dpeg_five_rooms_temple

Skill      XL: |  1  2  3  4  5  6  7  8  9 10 11 |
---------------+----------------------------------+-----
Dodging        | 2 3 4 5 |  5.8
Transmutations | 3 4 6 7 9 |  9.8
Unarmed Combat | 4 5 6 8 9 10 | 10.1
Fighting       | 2 3 4 5 6 |  6.7
Spellcasting   | 3 4 5 6 |  6.0

Action                   |  1- 3 |  4- 6 |  7- 9 | 10-12 || total
-------------------------+-------+-------+-------+-------++-------
Melee: Unarmed           |    97 |   117 |   270 |   273 ||   757
       Headbutt          |     4 |     4 |       |       ||     8
       Punch             |     2 |       |     1 |    11 ||    14
       Falchion          |       |     6 |    76 |    91 ||   173
 Cast: Beastly Appendage |    17 |    10 |       |       ||    27
       Spider Form       |       |     6 |    39 |       ||    45
       Ice Form          |       |       |       |    25 ||    25
       Blade Hands       |       |       |       |    11 ||    11
Invok: Bend Time         |       |       |       |     1 ||     1
 Abil: Spit Poison       |    22 |    26 |    34 |     2 ||    84
  Use: Scroll            |     6 |       |     7 |     5 ||    18
       Potion            |     1 |     3 |       |       ||     4
 Stab: Sleeping          |       |       |     2 |     6 ||     8
Armor: Robe              |    18 |    25 |    21 |    36 ||   100
       Skin              |       |    51 |     7 |    52 ||   110
Dodge: Dodged            |    60 |   101 |   313 |   258 ||   732
       Rpst.: Falchion   |       |     1 |    16 |    36 ||    53

Table legend: (Time is in decaauts)
 A = Elapsed time spent in this place.
 B = Non-inter-level travel time spent in this place.
 C = Inter-level travel time spent in this place.
 D = Time resting spent in this place.
 E = Time spent auto-exploring this place.
 F = Levels seen in this place.
 G = Mean time per level.
                   A        B        C        D        E       F      G
               +--------+--------+--------+--------+--------+-----+--------+
         Total |  17846 |  17200 |    646 |   1400 |  13262 |  12 | 1487.2 |
       Dungeon |  16822 |  16306 |    516 |   1400 |  12639 |  10 | 1682.2 |
        Temple |    394 |    264 |    130 |      0 |    262 |   1 |  394.0 |
       Ossuary |    629 |    629 |      0 |      0 |    359 |   1 |  629.0 |
               +--------+--------+--------+--------+--------+-----+--------+

Top non-repeatable levels by time:
     D:2: 2387 daAuts
     D:8: 2309 daAuts
     D:6: 1977 daAuts
     D:1: 1772 daAuts
     D:4: 1769 daAuts
     D:3: 1709 daAuts
     D:9: 1584 daAuts
     D:5: 1307 daAuts
     D:7: 1197 daAuts
    D:10: 807 daAuts
 Ossuary: 629 daAuts
  Temple: 394 daAuts
